Map: Deathaura LE

Players

Stats

  • Race: Protoss Protoss
  • Spawn Location: 5:00

Reynor - Winner!

  • Race: Zerg Zerg
  • Spawn Location: 11:00

Event: IEM Katowice 2021

VOD

Have the link to the VOD?

Description

Time

  • Played on: Feb. 26, 2021, 8:36 a.m.
  • Length: 11:09

All games in this series

Show
View Real Time Build Order
Export as new Build Order

Stats Protoss 

Build Orders: 1 Gate Expand, Oracle Opening, Archon Immortal 

Get SALT Encoding   

  12  0:00  Probe  
  13  0:12  Probe  
  14  0:18  Pylon  
  14  0:24  Probe  
  15  0:37  Probe (Chrono Boost)  
  15  0:42  Gateway  
  16  0:46  Probe (Chrono Boost)  
  16  0:48  Assimilator  
  17  0:51  Probe (Chrono Boost)  
  18  1:03  Probe  
  19  1:15  Probe  
  20  1:25  Nexus  
  20  1:35  Cybernetics Core  
  20  1:38  Probe  
  21  1:44  Assimilator  
  21  1:50  Probe  
  21  1:53  Pylon  
  22  2:02  Probe (Chrono Boost)  
  23  2:09  Adept (Chrono Boost)  
  23  2:14  Probe (Chrono Boost)  
  26  2:20  Stargate, Probe (Chrono Boost)  
  27  2:28  Warp Gate  
  28  2:31  Probe (Chrono Boost)  
  28  2:33  Adept  
  30  2:38  Probe (Chrono Boost)  
  32  2:47  Probe x2 (Chrono Boost)  
  33  2:52  Probe (Chrono Boost)  
  33  2:53  Probe  
  33  2:57  Void Ray (Chrono Boost)  
  35  3:03  Adept  
  41  3:09  Probe x2  
  43  3:13  Pylon  
  43  3:21  Probe x2  
  45  3:32  Oracle  
  45  3:33  Probe x2  
  50  3:41  Nexus  
  50  3:45  Pylon  
  50  3:47  Probe  
  51  3:48  Probe  
  52  3:55  Assimilator  
  52  3:58  Assimilator  
  52  3:59  Probe  
  52  4:00  Probe  
  54  4:04  Stargate  
  54  4:11  Probe  
  54  4:12  Probe  
  54  4:13  Pylon  
  56  4:20  Void Ray  
  56  4:23  Probe  
  57  4:25  Probe  
  62  4:35  Probe  
  62  4:37  Probe  
  64  4:48  Probe (Chrono Boost)  
  64  4:49  Probe (Chrono Boost)  
  66  4:53  Probe (Chrono Boost)  
  66  4:57  Void Ray x2  
  66  4:58  Adept  
  71  5:00  Probe x2 (Chrono Boost)  
  71  5:03  Probe (Chrono Boost)  
  71  5:05  Probe x2 (Chrono Boost)  
  80  5:08  Probe (Chrono Boost)  
  80  5:11  Forge  
  80  5:12  Twilight Council  
  81  5:18  Probe x2 (Chrono Boost)  
  81  5:19  Probe (Chrono Boost)  
  81  5:21  Assimilator  
  84  5:22  Robotics Facility  
  84  5:23  Assimilator  
  85  5:30  Pylon  
  85  5:32  Probe (Chrono Boost)  
  85  5:33  Pylon  
  85  5:36  Pylon  
  85  5:40  Protoss Ground Weapons Level 1 (Chrono Boost)  
  85  5:48  Probe x3  
  88  5:50  Pylon  
  88  5:53  Charge  
  88  5:56  Templar Archives  
  88  5:58  Gateway x2  
  88  6:00  Probe x3  
  91  6:09  Gateway x2  
  91  6:11  Warp Prism (Chrono Boost)  
  91  6:12  Probe x3  
  91  6:13  Gateway  
  96  6:18  Pylon  
  96  6:21  Pylon  
  96  6:25  Gateway  
  96  6:28  Gateway  
  96  6:29  Psionic Storm  
  96  6:33  Photon Cannon  
  96  6:34  Shield Battery  
  96  6:37  High Templar  
  98  6:43  Immortal (Chrono Boost)  
  102  6:55  High Templar x2  
  102  7:00  Archon  
  104  7:08  Zealot x2, High Templar  
  104  7:13  High Templar  
  107  7:19  Archon  
  107  7:23  Immortal (Chrono Boost), Zealot x2  
  107  7:28  Nexus  
  115  7:30  Pylon  
  115  7:34  Pylon, Zealot x2  
  115  7:35  Zealot x2  
  123  7:42  Protoss Ground Weapons Level 2  
  123  7:46  Pylon  
  123  7:47  Photon Cannon  
  123  7:48  Pylon  
  123  7:49  High Templar x2  
  127  7:51  Photon Cannon  
  127  7:52  Photon Cannon  
  127  7:54  Immortal, Zealot x2  
  127  7:55  Zealot  
  136  8:03  Protoss Air Weapons Level 1  
  120  8:21  Shield Battery  
  120  8:24  Photon Cannon  
  120  8:25  High Templar x2  
  120  8:26  Zealot x4, High Templar x2  
  136  8:30  Archon  
  136  8:33  Probe x3  
  139  8:40  Immortal (Chrono Boost)  
  143  8:42  Photon Cannon  
  143  8:43  Shield Battery  
  143  8:45  Fleet Beacon, Probe x3  
  146  8:49  Assimilator  
  146  8:53  Assimilator, Shield Battery  
  150  8:57  Shield Battery, Probe x2  
  152  9:04  Probe  
  149  9:13  Photon Cannon  
  149  9:14  Photon Cannon  
  149  9:16  Immortal (Chrono Boost), Shield Battery  
  153  9:25  Photon Cannon  
  153  9:26  Photon Cannon  
  153  9:28  Photon Cannon  
  153  9:36  Zealot  
  153  9:37  Zealot x7  
  161  9:54  Carrier x2, Immortal (Chrono Boost)  
  169  10:03  Zealot x6  
  157  10:08  Archon  
  157  10:09  Archon  
  153  10:17  Photon Cannon  
  153  10:18  Photon Cannon  
  135  10:21  Zealot  
  135  10:27  Zealot x5  
  135  10:33  Observer (Chrono Boost)  
  106  10:46  Zealot  
  106  10:49  Zealot x5  
Show
View Real Time Build Order
Export as new Build Order

Reynor Zerg - Winner!

Build Orders: Hatch First, Lurkers 

Get SALT Encoding   

  12  0:00  Drone  
  13  0:12  Overlord  
  13  0:17  Drone  
  14  0:30  Drone x2  
  16  0:48  Hatchery  
  15  0:51  Drone  
  15  0:55  Drone  
  17  0:59  Drone  
  18  1:12  Extractor  
  18  1:14  Spawning Pool  
  18  1:17  Drone  
  17  1:21  Drone  
  18  1:28  Drone  
  19  1:39  Drone  
  20  1:50  Overlord  
  20  2:01  Drone x2, Queen x2  
  26  2:11  Drone  
  26  2:12  Zergling x2  
  28  2:22  Zergling x2, Drone  
  30  2:30  Hatchery  
  30  2:32  Drone  
  30  2:39  Metabolic Boost  
  32  2:45  Drone  
  32  2:46  Drone  
  32  2:48  Overlord  
  32  2:52  Queen  
  32  2:55  Drone  
  32  2:58  Drone  
  36  3:07  Overlord  
  36  3:10  Zergling x4  
  36  3:11  Drone  
  36  3:12  Drone  
  40  3:16  Overlord  
  40  3:22  Queen  
  40  3:23  Drone  
  40  3:26  Drone  
  44  3:31  Overlord  
  44  3:37  Drone, Queen  
  47  3:43  Drone  
  47  3:44  Drone x2  
  47  3:47  Drone x2  
  53  3:48  Drone  
  53  3:52  Drone  
  53  3:55  Drone  
  55  3:56  Spore Crawler  
  55  4:01  Overlord  
  55  4:02  Drone x2  
  56  4:04  Drone x2  
  56  4:06  Drone  
  59  4:12  Spore Crawler  
  59  4:13  Zergling x4  
  59  4:15  Drone x3  
  63  4:18  Overlord  
  63  4:23  Drone, Queen  
  66  4:26  Drone  
  66  4:28  Drone  
  68  4:32  Overlord  
  68  4:34  Drone x2  
  68  4:36  Drone  
  71  4:40  Overlord  
  71  4:41  Drone  
  71  4:42  Lair  
  71  4:44  Roach Warren  
  71  4:49  Spore Crawler  
  70  4:53  Drone x5  
  74  5:01  Overlord, Drone x4  
  74  5:02  Drone  
  77  5:07  Drone, Queen  
  77  5:08  Evolution Chamber  
  77  5:09  Extractor x2  
  77  5:10  Extractor  
  77  5:11  Drone x2  
  77  5:12  Overlord  
  77  5:13  Drone  
  79  5:16  Drone  
  79  5:18  Drone  
  81  5:23  Overlord  
  81  5:25  Drone  
  82  5:29  Extractor  
  82  5:31  Drone x4  
  82  5:35  Drone x3  
  87  5:36  Hatchery  
  87  5:40  Overlord  
  86  5:43  Zerg Missile Weapons Level 1  
  86  5:45  Extractor, Drone x3  
  88  5:50  Queen  
  88  5:54  Overlord  
  88  5:55  Queen  
  88  5:56  Queen  
  93  5:58  Overlord  
  93  5:59  Drone  
  93  6:00  Drone x3  
  97  6:05  Drone x2, Glial Reconstitution  
  97  6:08  Overlord  
  99  6:14  Overlord  
  99  6:25  Drone  
  100  6:27  Infestation Pit  
  100  6:29  Drone x4  
  100  6:30  Zergling x2  
  100  6:31  Zergling x10  
  109  6:34  Drone  
  109  6:35  Queen  
  109  6:36  Overlord  
  109  6:37  Queen  
  109  6:39  Queen  
  116  6:44  Drone x3  
  116  6:45  Extractor  
  118  6:48  Overlord, Drone  
  118  6:49  Drone x4  
  118  6:50  Extractor, Queen  
  124  6:57  Spore Crawler  
  121  7:16  Roach x13  
  121  7:17  Roach x2  
  121  7:18  Overlord  
  121  7:19  Hive  
  151  7:26  Drone  
  151  7:28  Hydralisk Den  
  151  7:29  Roach x6  
  161  7:33  Overlord  
  161  7:36  Roach x3  
  167  7:40  Overlord  
  167  7:42  Zerg Missile Weapons Level 2  
  167  7:44  Overseer, Spore Crawler  
  166  7:59  Drone  
  166  8:00  Drone, Queen  
  166  8:01  Lurker Den  
  166  8:04  Hydralisk x12  
  166  8:05  Hydralisk  
  175  8:14  Hydralisk x6  
  173  8:21  Roach  
  173  8:22  Roach x5  
  185  8:29  Hydralisk x3  
  185  8:34  Muscular Augments, Overlord  
  191  8:35  Queen  
  193  8:41  Spine Crawler  
  193  8:42  Spine Crawler x3  
  189  8:49  Spore Crawler  
  188  9:03  Seismic Spines  
  188  9:04  Lurker x7  
  188  9:09  Roach  
  198  9:10  Zergling x4  
  199  9:17  Spore Crawler x2  
  199  9:19  Lurker x2  
  195  9:42  Hydralisk x4  
  197  9:49  Hydralisk x5  
  199  9:57  Hydralisk x5  
  195  10:00  Adaptive Talons  
  195  10:03  Hydralisk x2  
  190  10:16  Queen  
  190  10:17  Hydralisk x5  
  191  10:23  Hydralisk, Zergling x2  
  191  10:24  Zergling x18  
  191  10:25  Hydralisk  
  191  10:26  Hatchery  
  194  10:30  Queen x3  
  194  10:35  Hydralisk x4  
  190  10:36  Zergling x8  
  180  10:50  Zergling x4  
  175  10:58  Ravager  
  175  10:59  Ravager  

Tags
 
Add a new tag
Caveats
  • Supply blocks, unpowered buildings, or Contaminate may cause inaccurate times.
  • Supply counts are checked every 10 seconds.